 Dungeon Sprint DCSS version 0.30.1-9-gdf580d7c3d (webtiles) character file.

Game seed: 7589159988165112993

1426 Heoruswealwe the Impaler (level 8, -6/83 HPs)
             Began as a Minotaur Fighter on Oct 11, 2023.
             Was an Initiate of Gozag.
             Mangled by a two-headed ogre
             ... wielding a +0 giant spiked club
              (14 damage)
             ... in the Dungeon (Sprint IX: "|||||||||||||||||||||||||||||").
             The game lasted 00:04:02 (338 turns).

Heoruswealwe the Impaler (Minotaur Fighter)          Turns: 338, Time: 00:04:03

Health: -6/83      AC: 27    Str: 23    XL:     8   Next: 44%
Magic:  7/7        EV:  7    Int:  5    God:    Gozag
Gold:   414        SH:  0    Dex: 10    Spells: 7/7 levels left

rFire   . . .        b - +2 halberd (protect)
rCold   . . .        (shield currently unavailable)
rNeg    . . .        c - +0 plate armour
rPois   .            (helmet restricted)
rElec   .            h - +0 cloak
rCorr   .            f - +0 pair of gloves
SInv    .            (no boots)
Will    .....        (no amulet) Stlth
                     k - +2 ring of protection
HPRegen 0.33/turn    (no ring)
MPRegen 0.10/turn

%: no teleportation
@: confused, gold aura, under a protective aura
A: horns 2, retaliatory headbutt
a: Renounce Religion, Potion Petition, Call Merchant, Bribe Branch


You were in the Dungeon.
You worshipped Gozag.
Gozag was aware of your devotion.
You visited 1 branch You collected 414 gold pieces.

Inventory:

Hand Weapons
 a - a +0 trident
 b - a +2 halberd of protection (weapon)
Armour
 c - a +0 plate armour (worn)
 d - a +0 buckler
 f - a +0 pair of gloves (worn)
 h - a +0 cloak (worn)
Jewellery
 k - a +2 ring of protection (left hand)
Wands
 m - a wand of quicksilver (10)
Scrolls
 j - 2 scrolls of blinking
Potions
 e - 4 potions of curing
 g - a potion of haste
 i - a potion of berserk rage
 l - a potion of heal wounds
 n - a potion of might


   Skills:
 + Level 11.9 Fighting
 * Level 15.8 Polearms
 + Level 11.9 Armour
 - Level 3.6 Shields


You had 7 spell levels left.
You didn't know any spells.
Your spell library was empty.

Dungeon Overview and Level Annotations

Branches:
Dungeon (1/1)

Altars:
Cheibriados
Dithmenos
Elyvilon
Fedhas
Gozag
Hepliaklqana
Kikubaaqudgha
Makhleb
Nemelex Xobeh
Okawaru
Qazlal
Ru
Sif Muna
Trog
Uskayaw
Vehumet
Wu Jian
Xom
Yredelemnul
Zin
The Shining One
Jiyva
Lugonu


Innate Abilities, Weirdness & Mutations

You have a pair of horns on your head.
You reflexively headbutt those who attack you in melee.


Message History

* * * LOW HITPOINT WARNING * * *
The centaur warrior hits you but does no damage.
The centaur warrior kicks you but does no damage.
You puncture the centaur warrior!
The centaur warrior is severely wounded.
The centaur warrior hits you but does no damage.
The centaur warrior kicks you but does no damage.
The boulder beetle bites you.
* * * LOW HITPOINT WARNING * * *
Unknown command.
You closely miss the centaur warrior.
Your headbutt misses the centaur warrior.
The centaur warrior is severely wounded.
The boulder beetle leaps!
The centaur warrior hits you but does no damage.
The centaur warrior kicks you but does no damage.
The boulder beetle bites you.
* * * LOW HITPOINT WARNING * * *
You puncture the centaur warrior! You headbutt the centaur warrior.
You kill the centaur warrior!
Your Fighting skill increases to level 11!
Your Polearms skill increases to level 15!
Your Armour skill increases to level 11!
You have reached level 8!
You feel agile.
The boulder beetle curls into a ball and begins rolling!
The two-headed ogre hits you but does no damage.
The two-headed ogre hits you with a +0 giant club.
* * * LOW HITPOINT WARNING * * *
There is an open door, spattered with blood here.
Things that are here:
180 gold pieces; a +0 longbow You hit the two-headed ogre.
Your headbutt misses the two-headed ogre.
The two-headed ogre is lightly wounded.
The boulder beetle closely misses you.
The boulder beetle stops rolling and uncurls.
The two-headed ogre hits you with a +0 giant spiked club!
You die...
Your body crumbles into a pile of gold.

▓°▓
▓)▓
$
▓.▓
▓.▓
$
▓.▓
$
▓.▓
$ $
▓○▓
$
▓B▓
$
▓@▓
▓O▓
▓D▓
▓D▓
▓.▓
▓.▓
▓.▓
▓+▓


You could see a boulder beetle, a four-headed hydra, a two-headed ogre and an
acid dragon shaped shifter.

Vanquished Creatures
  A centaur warrior (D)
  A kobold demonologist (D)
  A troll (D)
  A hornet (D)
  2 killer bees (D)
  A hound (D)
  An iguana (D)
  An orc wizard (D)
  An adder (D)
  2 orcs (D)
  A goblin (D)
  A jackal (D)
  2 kobolds (D)
  A frilled lizard (D)
17 creatures vanquished.

Notes
Turn   | Place    | Note
-------+----------+-------------------------------------------
     0 | D        | Heoruswealwe the Minotaur Fighter began the quest for the
                  | Orb.
     0 | D        | Reached XP level 1. HP: 19/19 MP: 0/0
     6 | D        | Reached skill level 3 in Polearms
    34 | D        | Noticed a hound
    34 | D        | Noticed an iguana
    37 | D        | Reached skill level 4 in Polearms
    37 | D        | Reached XP level 2. HP: 26/28 MP: 1/1
    42 | D        | Reached skill level 5 in Fighting
    42 | D        | Reached skill level 6 in Polearms
    42 | D        | Reached skill level 5 in Armour
    42 | D        | Reached XP level 3. HP: 25/36 MP: 2/2
    55 | D        | Reached skill level 7 in Polearms
    55 | D        | Reached XP level 4. HP: 12/44 MP: 3/3
    60 | D        | Found a snail-covered altar of Cheibriados.
    60 | D        | Found a shadowy altar of Dithmenos.
    60 | D        | Found a white marble altar of Elyvilon.
    60 | D        | Found a blossoming altar of Fedhas.
    60 | D        | Found an opulent altar of Gozag.
    61 | D        | Found a hazy altar of Hepliaklqana.
    62 | D        | Found a viscous altar of Jiyva.
    63 | D        | Found an ancient bone altar of Kikubaaqudgha.
    64 | D        | Found a corrupted altar of Lugonu.
    65 | D        | Found a burning altar of Makhleb.
    66 | D        | Found a sparkling altar of Nemelex Xobeh.
    67 | D        | Found an iron altar of Okawaru.
    68 | D        | Became a worshipper of Gozag Ym Sagoz the Greedy
    69 | D        | Found a stormy altar of Qazlal.
    70 | D        | Found a sacrificial altar of Ru.
    71 | D        | Found a shimmering blue altar of Sif Muna.
    72 | D        | Found a bloodstained altar of Trog.
    73 | D        | Found a hide-covered altar of Uskayaw.
    74 | D        | Found a radiant altar of Vehumet.
    75 | D        | Found an ornate altar of the Wu Jian Council.
    76 | D        | Found a shimmering altar of Xom.
    77 | D        | Found a basalt altar of Yredelemnul.
    78 | D        | Found a glowing silver altar of Zin.
    79 | D        | Found a glowing golden altar of the Shining One.
   177 | D        | Noticed a troll
   177 | D        | Noticed a kobold demonologist
   177 | D        | Noticed a hornet
   184 | D        | Killed a troll
   185 | D        | Reached skill level 11 in Polearms
   185 | D        | Reached XP level 5. HP: 41/56 MP: 4/4
   185 | D        | Reached XP level 6. HP: 45/62 MP: 5/5
   202 | D        | Reached skill level 12 in Polearms
   209 | D        | Noticed an ice devil
   212 | D        | Killed a kobold demonologist
   213 | D        | Reached skill level 10 in Fighting
   213 | D        | Reached skill level 13 in Polearms
   213 | D        | Reached skill level 10 in Armour
   213 | D        | Reached XP level 7. HP: 40/72 MP: 6/6
   217 | D        | Killed a hornet
   218 | D        | Reached skill level 14 in Polearms
   321 | D        | Noticed a centaur warrior
   321 | D        | Noticed a two-headed ogre
   321 | D        | Noticed a boulder beetle
   321 | D        | Noticed a boulder beetle
   321 | D        | Noticed a four-headed hydra
   321 | D        | Noticed a golden eye
   330 | D        | a golden eye changed into an acid dragon
   336 | D        | Killed a centaur warrior
   337 | D        | Reached skill level 15 in Polearms
   337 | D        | Reached XP level 8. HP: 12/83 MP: 7/7
   338 | D        | Mangled by a two-headed ogre

Illustrated notes

Levels and vault maps discovered:
D:        linesprint [early_d, line_temple, items_1, d_10, items_2, lair_1,
          lair_end, items_3, orc_1, orc_end, items_4, d_15, swamp_1, shoals_1,
          snake_1, spider_1, d_20, vaults_1, items_5, swamp_end, shoals_end,
          snake_end, spider_end, vaults_end, d_27, items_6, zot_1, zot_end,
          crypt_end, forest_end, elf_end, slime_end, tomb_end, abyss_end,
          pan_hell_end]

Skill      XL: |  1  2  3  4  5  6  7 |
---------------+----------------------+-----
Polearms       | 4 6 7 11 13 15 | 15.8
Fighting       | 4 5 6 8 10 11 | 11.9
Armour         | 4 5 6 8 10 11 | 11.9
Shields        | |  3.6

Action                     |  1- 3 |  4- 6 |  7- 9 || total
---------------------------+-------+-------+-------++-------
  Melee: Trident           |    30 |       |       ||    30
         Headbutt          |     4 |     3 |     4 ||    11
         Halberd           |       |    31 |    14 ||    45
    Use: Potion            |       |     3 |       ||     3
 Armour: Scale mail        |     7 |       |       ||     7
         Plate armour      |       |    35 |    36 ||    71
  Dodge: Dodged            |     9 |     5 |    10 ||    24
  Block: Buckler           |     5 |       |       ||     5
